 Dungeon Crawl Stone Soup version 0.26.0-11-g8f856b5395 (webtiles) character file.

Game seed: 2682269683887371655

40357 Skeletalz the Wrestler (level 13, 0/165 HPs)
             Began as a Troll Berserker on Jan 14, 2021.
             Was a High Priest of Trog.
             Slain by a death yak (14 damage)
             ... on level 4 of the Lair of Beasts on Jan 15, 2021.
             The game lasted 01:35:54 (14923 turns).

Skeletalz the Wrestler (Troll Berserker)           Turns: 14923, Time: 01:35:55

Health: 0/165      AC: 13    Str: 34    XL:     13   Next: 74%
Magic:  12/12      EV: 16    Int:  3    God:    Trog [*****.]
Gold:   1119       SH:  5    Dex: 16    Spells: 12/12 levels left

rFire    . . .     SeeInvis .     - Unarmed
rCold    . . .     Faith    .   (no shield)
rNeg     . . .     Spirit   .   J - +0 steam dragon scales
rPois    .         Reflect  +   b - +2 hat
rElec    .         Harm     .   N - +1 cloak
rCorr    .         Rampage  .   (gloves unavailable)
Will     .....                  (boots unavailable)
Stlth    ..........             U - amulet of reflection
HPRegen  0.77/turn              q - +6 ring of strength
MPRegen  0.13/turn              W - ring "Nyweh" {EV+4 Dex+3}

@: berserking, very quick
A: large, unfitting armour, claws 3, regeneration 1, shaggy fur 1, tough skin 3
a: Renounce Religion, Berserk, Trog's Hand, Brothers in Arms


You were on level 4 of the Lair of Beasts.
You worshipped Trog.
Trog was extremely pleased with you.
You visited 3 branches of the dungeon, and saw 19 of its levels.
You also visited: Gauntlet.

You collected 1119 gold pieces.

Inventory:

Missiles
 Q - 8 large rocks (quivered)
Armour
 b - a +2 hat (worn)
 c - a +0 troll leather armour
 p - a +2 robe of positive energy
 J - +0 steam dragon scales (worn)
 N - a +1 cloak (worn)
Jewellery
 i - an uncursed ring of ice
 l - an uncursed ring of flight
 n - an uncursed amulet of regeneration
 q - a +6 ring of strength (left claw)
 z - an uncursed ring of see invisible
 I - an uncursed ring of fire
 R - an uncursed amulet of magic regeneration
 U - an amulet of reflection (around neck)
 V - an uncursed ring of ice
 W - the ring "Nyweh" (right claw) {EV+4 Dex+3}
   (You found it in a Gauntlet)

   [ring of evasion]

   It affects your evasion (+4).
   It affects your dexterity (+3).
 Z - an uncursed ring of ice
Wands
 r - a wand of paralysis (13)
 B - a wand of iceblast (32)
 G - a wand of polymorph (22)
 K - a wand of random effects (9)
 L - a wand of enslavement (28)
 M - a wand of flame (74)
 T - a wand of digging (5)
Scrolls
 a - 2 scrolls of enchant weapon {unknown}
 g - a scroll of magic mapping
 h - 3 scrolls of amnesia {unknown}
 j - 7 scrolls of teleportation
 m - 4 scrolls of enchant armour {unknown}
 s - 5 scrolls of immolation {unknown}
 t - 10 scrolls of remove curse
 v - 2 scrolls of fear {unknown}
 x - 6 scrolls of fog
 y - 3 scrolls of noise {unknown}
 D - 4 scrolls of vulnerability {unknown}
 H - 2 scrolls of blinking {unknown}
 P - a scroll of summoning {unknown}
 S - 2 scrolls of identify
Potions
 d - 4 potions of might
 e - 9 potions of curing
 f - a potion of berserk rage {unknown}
 k - 4 potions of cancellation
 o - a potion of lignification {unknown}
 u - 3 potions of heal wounds
 w - 4 potions of flight
 A - 3 potions of resistance
 C - a potion of mutation
 E - 2 potions of degeneration {unknown}
 F - 2 potions of haste
 O - a potion of brilliance {unknown}
Miscellaneous
 X - a lightning rod (4/4)


   Skills:
 - Level 2.4 Fighting
 + Level 3.6 Dodging
 * Level 21.5 Unarmed Combat


You had 12 spell levels left.
You didn't know any spells.
Your spell library was empty.

Dungeon Overview and Level Annotations

Branches:
Dungeon (13/15)            Temple (1/1) D:5            Lair (5/6) D:8
  Swamp (0/4) Lair:4       Spider (0/4) Lair:2          Orc (0/2) D:9
Gauntlet (visited)
  Slime: Lair:5-6    Vaults: D:13-14

Altars:
Ashenzari
Dithmenos
Elyvilon
Fedhas
Gozag
Hepliaklqana
Kikubaaqudgha
Makhleb
Nemelex Xobeh
Okawaru
Qazlal
Ru
Sif Muna
Trog
Uskayaw
Vehumet
Wu Jian
Xom
Yredelemnul
Zin
The Shining One

Shops:
D:5 (   D:10 [

Annotations:
D:9 1 runed translucent door
Lair:1 1 runed translucent door
Lair:5 exclusion: 2 oklob plants


Innate Abilities, Weirdness & Mutations

You are too large for most types of armour.
You have claws for hands.
Your natural rate of healing is unusually fast.
You are covered in fur. (AC +1)
You have extremely tough skin. (AC +3)


Message History

You scratch the death yak but do no damage.
You claw the death yak!!
The death yak is moderately wounded.
The death yak gores you but does no damage.
You barely miss the death yak. You claw the death yak!!
The death yak is severely wounded.
The death yak barely misses you.
You mangle the death yak!! You claw the death yak.
You kill the death yak!
Trog accepts your kill.
You scratch the death yak.
The death yak is lightly wounded.
The death yak gores you.
* * * LOW HITPOINT WARNING * * *
You claw the death yak!
The death yak is moderately wounded.
You mangle the death yak!! Your claw misses the death yak.
The death yak is severely wounded.
The death yak gores you!
You die...

................#..###...........
........###...#.######..PP.....#.
..#...####P...### ##.§.#......#.
.##...# ##..P# ##.#.§§.....P..
####.## ##..## ##.##§§§........
#...# #...# ##..##§.§......##
##.### ##..####...##.#.......##
#..#.# #...P#....#............
##..## ##....÷@................
##...# #......Y................
##...## ##........##.............
#...## #.#.....#####............
..##.# ##......# ##...###.#.P#
.#.### #.#...P.# #..## ##.###
#### ##..P.#.# #### ### #..#####
####


You could see a death yak.

Vanquished Creatures
  Gastronok (Lair:2)
  Kirke (Lair:4)
  Nessos (Lair:4)
  A minotaur (Gauntlet)
  Josephine (Lair:4)
  A boulder beetle (Lair:5)
  6 hydras
  A two-headed ogre (D:12)
  6 death yaks
  Nergalle (Lair:1)
  Pikel (D:5)
  2 cyclopes (D:12)
  A worldbinder (Gauntlet)
  3 elephants (Lair:4)
  Maurice (D:10)
  5 black mambas
  9 cane toads
  3 rime drakes
  2 komodo dragons
  5 trolls
  A jumping spider (Lair:2)
  A queen bee (shapeshifter) (Gauntlet)
  3 polar bears
  A hornet (D:10)
  A raiju (Gauntlet)
  8 blink frogs
  21 yaks
  3 wraiths
  2 wyverns
  2 hogs (Lair:4)
  A steam dragon (D:9)
  Duvessa (D:6)
  An orc warrior (D:9)
  7 water moccasins
  A swamp drake (Lair:4)
  2 black bears
  3 sky beasts
  3 ice beasts
  3 necrophages
  3 phantoms
  2 boggarts (Gauntlet)
  6 ogres
  5 wolves (Lair:3)
  9 centaurs
  3 big kobolds
  13 bullfrogs
  2 gnoll sergeants
  A wyvern skeleton (D:11)
  Dowan (D:6)
  4 scorpions
  12 killer bees
  7 wights
  2 howler monkeys (D:10)
  An electric eel (Lair:2)
  3 quasits
  A gnoll shaman (D:9)
  3 hounds
  2 bullfrog skeletons
  6 orc wizards
  10 jellies
  4 orc priests
  Jessica (D:3)
  3 centaur skeletons
  4 iguanas
  4 hell rats (Lair:1)
  2 lightning spires (Gauntlet)
  15 worker ants
  A hound skeleton (D:9)
  2 worker ant zombies
  2 howler monkey skeletons
  14 adders
  12 gnolls
  6 river rats (Lair:1)
  3 white imps
  2 ufetubi
  An adder skeleton (D:8)
  An adder zombie (D:6)
  6 worms
  2 dart slugs
  5 leopard geckos
  37 orcs
  10 giant cockroaches
  6 goblins
  8 hobgoblins
  17 jackals
  2 quokkas
  2 ball pythons
  11 bats
  A frilled lizard (D:1)
  A giant cockroach zombie (D:5)
  18 kobolds
  A leopard gecko skeleton (D:8)
  A leopard gecko zombie (D:6)
  2 quokka zombies
  21 rats
441 creatures vanquished.

Vanquished Creatures (others)
  4 humans (Lair:4)
  6 demonic plants (Gauntlet)
  21 fungi
  27 plants
58 creatures vanquished.

Grand Total: 499 creatures vanquished

Notes
Turn   | Place    | Note
-------+----------+-------------------------------------------
     0 | D:1      | Skeletalz the Troll Berserker began the quest for the Orb.
     0 | D:1      | Reached XP level 1. HP: 22/22 MP: 0/0
   147 | D:1      | Reached XP level 2. HP: 29/29 MP: 1/1
   452 | D:1      | Reached skill level 4 in Unarmed Combat
   624 | D:2      | Reached XP level 3. HP: 36/36 MP: 2/2
   829 | D:2      | Reached XP level 4. HP: 44/44 MP: 3/3
   835 | D:2      | Reached skill level 5 in Unarmed Combat
   868 | D:2      | Found a glowing silver altar of Zin.
   868 | D:2      | Noticed an angel
   869 | D:2      | Found a shimmering altar of Xom.
   934 | D:2      | Reached ** piety under Trog
  1061 | D:3      | Noticed Jessica
  1063 | D:3      | Killed Jessica
  1111 | D:3      | Reached XP level 5. HP: 50/50 MP: 4/4
  1125 | D:3      | Reached skill level 6 in Unarmed Combat
  1282 | D:3      | Found a faded altar of an unknown god.
  1553 | D:3      | Noticed a phantom
  1560 | D:3      | Killed a phantom
  1560 | D:3      | Reached *** piety under Trog
  1561 | D:3      | Reached skill level 7 in Unarmed Combat
  1561 | D:3      | Reached XP level 6. HP: 59/59 MP: 5/5
  1652 | D:3      | Found a burning altar of Makhleb.
  2434 | D:5      | Entered Level 5 of the Dungeon
  2434 | D:5      | Found a staircase to the Ecumenical Temple.
  2481 | D:5      | Reached skill level 8 in Unarmed Combat
  2481 | D:5      | Reached XP level 7. HP: 66/66 MP: 6/6
  2575 | D:5      | Noticed Pikel
  2587 | D:5      | Killed Pikel
  2588 | D:5      | Reached skill level 9 in Unarmed Combat
  2588 | D:5      | Reached XP level 8. HP: 74/74 MP: 7/7
  2620 | D:5      | Reached skill level 10 in Unarmed Combat
  2687 | D:5      | Found a runed translucent door.
  2688 | D:5      | Found a runed translucent door.
  2778 | D:5      | Found a glowing golden altar of the Shining One.
  2780 | D:5      | Found a white marble altar of Elyvilon.
  2780 | D:5      | Found an ornate altar of the Wu Jian Council.
  2780 | D:5      | Found a sacrificial altar of Ru.
  2790 | D:5      | Found a radiant altar of Vehumet.
  2790 | D:5      | Found a bloodstained altar of Trog.
  2850 | D:5      | Found Diatooc's Weapon Shop.
  3129 | D:5      | Reached skill level 11 in Unarmed Combat
  3257 | Temple   | Entered the Ecumenical Temple
  3562 | D:6      | Noticed Duvessa
  3562 | D:6      | Noticed Dowan
  3719 | D:6      | Reached **** piety under Trog
  4009 | D:6      | Killed Dowan
  4016 | D:6      | Killed Duvessa
  4017 | D:6      | Reached skill level 12 in Unarmed Combat
  4017 | D:6      | Reached XP level 9. HP: 80/80 MP: 8/8
  4412 | D:7      | Found a sparkling altar of Nemelex Xobeh.
  4413 | D:7      | Found an opulent altar of Gozag.
  4922 | D:8      | Reached skill level 13 in Unarmed Combat
  5011 | D:8      | Found a staircase to the Lair.
  5067 | D:8      | Reached ***** piety under Trog
  5615 | D:9      | Upgraded the game from 0.26.0-10-g1f06aea511 to
                  | 0.26.0-11-g8f856b5395
  5623 | D:9      | Reached skill level 14 in Unarmed Combat
  5700 | D:9      | Reached XP level 10. HP: 61/88 MP: 9/9
  5770 | D:9      | Found a white marble altar of Elyvilon.
  5770 | D:9      | Noticed an angel
  5771 | D:9      | Found a runed translucent door.
  6190 | D:9      | Found an ancient bone altar of Kikubaaqudgha.
  6292 | D:9      | Found a staircase to the Orcish Mines.
  6716 | D:10     | Entered Level 10 of the Dungeon
  6753 | D:10     | Found Dyqoohez's Antique Armour Boutique.
  6778 | D:10     | Reached skill level 15 in Unarmed Combat
  7137 | D:10     | Received a gift from Trog
  7224 | D:10     | Paralysed by a hornet for 1 turns
  7295 | D:10     | Noticed Maurice
  7303 | D:10     | Killed Maurice
  7304 | D:10     | Reached skill level 16 in Unarmed Combat
  7877 | D:11     | Reached XP level 11. HP: 94/94 MP: 10/10
  8562 | D:12     | Noticed a five-headed hydra
  8575 | D:12     | Killed a seven-headed hydra
  8900 | D:12     | Reached skill level 17 in Unarmed Combat
  9007 | D:12     | Noticed a two-headed ogre
  9013 | D:12     | Killed a two-headed ogre
  9117 | D:12     | Noticed a sun demon
  9504 | D:13     | Noticed a +8 long sword
  9507 | D:13     | Noticed a +6 long sword
  9599 | Lair:1   | Entered Level 1 of the Lair of Beasts
  9615 | Lair:1   | Noticed a five-headed hydra
  9623 | Lair:1   | Killed an eight-headed hydra
  9695 | Lair:1   | Noticed a seven-headed hydra
  9701 | Lair:1   | Killed a nine-headed hydra
  9702 | Lair:1   | Reached skill level 18 in Unarmed Combat
  9717 | Lair:1   | Received a gift from Trog
 10086 | Lair:1   | Found a runed translucent door.
 10283 | Lair:1   | Noticed Nergalle
 10291 | Lair:1   | Killed Nergalle
 10292 | Lair:1   | Reached XP level 12. HP: 104/104 MP: 11/11
 10400 | Lair:2   | Noticed Gastronok
 10413 | Lair:2   | Killed Gastronok
 10544 | Lair:2   | Found a hole to the Spider Nest.
 10694 | Lair:2   | Reached skill level 19 in Unarmed Combat
 10859 | Lair:2   | Noticed an eight-headed hydra
 10864 | Lair:2   | Killed a ten-headed hydra
 11422 | Lair:3   | Found a gate leading to a gauntlet.
 11862 | Gauntlet | Entered a Gauntlet
 11862 | Gauntlet | Found a transporter.
 11862 | Gauntlet | Found a transporter.
 11862 | Gauntlet | Found a transporter.
 11863 | Gauntlet | Found a transporter.
 11867 | Gauntlet | Found a transporter.
 11869 | Gauntlet | Found a transporter.
 11873 | Gauntlet | Found a transporter.
 11880 | Gauntlet | Found a transporter.
 11881 | Gauntlet | Found a transporter.
 11883 | Gauntlet | Found a transporter.
 11892 | Gauntlet | Found a transporter.
 11893 | Gauntlet | Found a transporter.
 12266 | Gauntlet | Got a vibrating bone ring
 12275 | Gauntlet | Identified the ring "Nyweh" {EV+4 Dex+3} (You found it in a
                  | Gauntlet)
 12332 | Gauntlet | Identified the +1 plate armour of Watchfulness {Will- Str-5
                  | Int+7}
 12332 | Gauntlet | Noticed a minotaur
 12339 | Gauntlet | Killed a minotaur
 12340 | Gauntlet | Reached skill level 20 in Unarmed Combat
 12570 | Lair:4   | Noticed Josephine
 12609 | Lair:4   | Noticed a seven-headed hydra
 12621 | Lair:4   | Killed a ten-headed hydra
 12627 | Lair:4   | Noticed Kirke
 12630 | Lair:4   | Reached XP level 13. HP: 102/110 MP: 12/12
 12936 | Lair:4   | Noticed Nessos
 12942 | Lair:4   | Killed Nessos
 13196 | Lair:4   | Killed Kirke
 13262 | Lair:4   | Killed Josephine
 13451 | Lair:4   | Received a gift from Trog
 13814 | Lair:4   | Reached skill level 21 in Unarmed Combat
 13850 | Lair:4   | Found a staircase to the Swamp.
 14923 | Lair:4   | Slain by a death yak

Illustrated notes

Levels and vault maps discovered:
D:1:      minmay_arrival_glassed_features, layout_loops_ring,
          hangedman_decor_opposing
D:2:      layout_rooms, grunt_temple_overflow_order_and_chaos_1,
          grunt_ministairs_14
D:3:      layout_basic, marbit_many_paths, chequers_ecumenical_altar_lobes,
          kennysheep_generic_room_15, uniq_jessica
D:4:      layout_basic
D:5:      lemuel_insect_pit, layout_cave_pools, minmay_overflow_temple_hex,
          minmay_temple_entry_statues_pillars, serial_shops,
          kennysheep_mini_moat, minivault_14, serial_bayou_pond_e,
          minmay_small_thing, uniq_pikel
D:6:      layout_cave_pools, nicolae_overflow_hidden_temple, grunt_ministairs_7,
          kennysheep_generic_room_10, uniq_duvessa
D:7:      layout_cave_pools, grunt_temple_overflow_opulence,
          chequers_serial_rivers_micro_b, serial_bayou_crossing
D:8:      layout_basic, lair_entry_dummy
D:9:      layout_small_grid, lemuel_round_altar, orc_0_dummy, lemuel_angel_altar
D:10:     layout_stronghold, serial_shops, shop, uniq_maurice
D:11:     layout_loops_corners, minivault_19
D:12:     layout_irregular_city
D:13:     layout_loops_ring, erik_vaults_1, serial_shops, shop_fountains,
          makhleb_altar_promises_db
Temple:   compressed_dpeg_triangle_lava_temple
Lair:1:   gammafunk_indiana_jones, layout_chaotic_city,
          nicolae_quartered_pool_little, kennysheep_abandoned_house,
          uniq_nergalle
Lair:2:   layout_chaotic_city, spider_nest_entry_funnel_web,
          chequers_serial_rivers_micro_d, grunt_megastairs_4,
          infiniplex_staircase_pool, uniq_gastronok
Lair:3:   layout_misc_corridors, gauntlet_entry_generic
Lair:4:   layout_layer_cave, minmay_swamp_entry_reptiles, grunt_megastairs_3,
          uniq_nessos, uniq_kirke, uniq_josephine
Lair:5:   layout_cellular_growth, slime_dummy, dpeg_oklob_1, grunt_megastairs_2,
          infiniplex_staircase_pool_2, lemuel_fruit_tree

Skill      XL: |  1  2  3  4  5  6  7  8  9 10 11 12 13 |
---------------+----------------------------------------+-----
Unarmed Combat | 4 5 7 8 9 12 14 16 18 20 21 | 21.5
Dodging        | 3 |  3.6
Fighting       | |  2.4

Action                   |  1- 3 |  4- 6 |  7- 9 | 10-12 | 13-15 || total
-------------------------+-------+-------+-------+-------+-------++-------
Melee: Unarmed           |    74 |   169 |   291 |   502 |   132 ||  1168
       Punch             |       |     4 |    18 |    48 |    30 ||   100
Throw: Boomerang         |       |     4 |       |       |       ||     4
Invok: Berserk           |       |     2 |     5 |     9 |     4 ||    20
  Use: Scroll            |     2 |     3 |     6 |     6 |     2 ||    19
       Potion            |       |       |       |     1 |       ||     1
 Stab: Sleeping          |       |       |     1 |     1 |       ||     2
Armor: Animal skin       |    19 |     7 |       |       |       ||    26
       Robe              |       |    65 |   101 |    11 |     5 ||   182
       Steam dragon scal |       |       |       |   156 |    14 ||   170
Dodge: Dodged            |    42 |    67 |   133 |   203 |    62 ||   507
Block: Other             |       |       |       |    11 |    28 ||    39
       Reflection        |       |       |       |       |     1 ||     1
